 Dungeon Crawl Stone Soup version 0.27.0-1-g7a089689b8 (webtiles) character file.

Game seed: 13785694878167993420

27 Sin92 the Skirmisher (level 2, -1/24 HPs)
             Began as a Demonspawn Fighter on Aug 7, 2021.
             Slain by Natasha (6 damage)
             ... on level 2 of the Dungeon.
             The game lasted 00:00:48 (1432 turns).

Sin92 the Skirmisher (Demonspawn Fighter)           Turns: 1432, Time: 00:00:49

Health: -1/24      AC:  6    Str: 16    XL:     2   Next: 93%
Magic:  2/2        EV:  7    Int:  9    God:
Gold:   17         SH:  9    Dex: 14    Spells: 1/1 levels left

rFire    . . .     SeeInvis .   a - +0 war axe
rCold    . . .     Faith    .   c - +0 kite shield
rNeg     . . .     Spirit   .   b - +0 scale mail
rPois    .         Reflect  .   (no helmet)
rElec    .         Harm     .   (no cloak)
rCorr    .         Rampage  .   (no gloves)
Will     .....                  (no boots)
Stlth    ..........             (no amulet)
HPRegen  0.08/turn              (no ring)
MPRegen  0.08/turn              (no ring)

@: mighty
A: foul stench 1, agile 1, wild magic 1, evolution 1
a: no special abilities


You were on level 2 of the Dungeon.
You visited 1 branch of the dungeon, and saw 2 of its levels.

You collected 17 gold pieces.

Inventory:

Hand Weapons
 a - a +0 war axe (weapon)
Armour
 b - a +0 scale mail (worn)
 c - a +0 kite shield (worn)
Scrolls
 f - 2 scrolls of identify {unknown}
 h - a scroll of holy word {unknown}
 i - a scroll of silence {unknown}
 j - a scroll of teleportation {unknown}
Potions
 g - a potion of curing {unknown}


   Skills:
 + Level 3.2 Fighting
 * Level 2.3 Axes
 + Level 2.9 Armour
 + Level 0.5 Dodging
 + Level 2.9 Shields


You had one spell level left.
You didn't know any spells.
Your spell library was empty.

Dungeon Overview and Level Annotations

Branches:
Dungeon (2/15)

Altars:

Annotations:
D:2 Natasha


Innate Abilities, Weirdness & Mutations

You may rarely emit foul miasma when damaged in melee.
You are agile. (Dex +2)
Your spells are a little harder to cast, but a little more powerful.
You evolve.


Message History

Natasha mumbles some strange words.
You feel disoriented.
Natasha casts a spell.
There are monsters nearby!
Unknown command.
The white imp shouts, "Submit, thou bawdy boil-brained pot-faker!"
The worm bites you!
There are monsters nearby!
Your shield prevents you from hitting Natasha.
You barely miss the worm. You block Natasha's attack. The worm bites you!
* * * LOW HITPOINT WARNING * * *
Unknown command.
You are too injured to fight recklessly!
Unknown command.
There are monsters nearby!
You are too injured to fight recklessly!
Unknown command.
There are monsters nearby!
You are too injured to fight recklessly!
Unknown command.
There are monsters nearby!
You are too injured to fight recklessly!
Unknown command.
There are monsters nearby!
You are too injured to fight recklessly!
It was a potion of mutation.
You feel extremely strange.
You feel less in control of your magic.
You feel nature experimenting on you.
Don't worry, failures die fast.
You feel agile. You block Natasha's attack. The worm closely misses you.
You feel very mighty all of a sudden. You block Natasha's attack.
You closely miss Natasha. You closely miss the white imp. You slash the worm!
A jackal comes into view.
You block Natasha's attack. The white imp gestures at you.
The puff of frost hits you.
* * * LOW HITPOINT WARNING * * *
You block the worm's attack. Natasha claws you.
You die...

###+##### #.......#
#..w....# #..h@...#
.....#5....# ##h
#.....##########
#..............#
#..............#
#.(..............#
..##.............#
..................#
##.#..............+


You could see a worm, Natasha, a white imp (summoned) and a jackal (wandering).

Vanquished Creatures
  2 dart slugs (D:1)
  4 ball pythons (D:1)
  4 endoplasms (D:1)
  3 goblins (D:1)
  3 jackals (D:1)
  A bat (D:1)
  4 rats (D:1)
21 creatures vanquished.

Vanquished Creatures (others)
  3 fungi (D:1)
  2 plants (D:1)
5 creatures vanquished.

Grand Total: 26 creatures vanquished

Notes
Turn   | Place    | Note
-------+----------+-------------------------------------------
     0 | D:1      | Sin92 the Demonspawn Fighter began the quest for the Orb.
     0 | D:1      | Reached XP level 1. HP: 18/18 MP: 1/1
   303 | D:1      | Gained mutation: You may rarely emit foul miasma when
                  | damaged in melee. [demonic ancestry]
   303 | D:1      | Reached XP level 2. HP: 17/24 MP: 2/2
   828 | D:1      | Found a faded altar of an unknown god.
  1427 | D:2      | Noticed Natasha
  1430 | D:2      | Gained mutation: Your spells are a little harder to cast,
                  | but a little more powerful. [potion of mutation]
  1430 | D:2      | Gained mutation: You evolve. [potion of mutation]
  1430 | D:2      | Gained mutation: You are agile. (Dex +2) [potion of
                  | mutation]
  1432 | D:2      | Slain by Natasha

Illustrated notes

Levels and vault maps discovered:
D:1:      co_arrival_square_in_a_square_in_a_square, layout_basic,
          shapermc_ecumenical_altar_ellora
D:2:      layout_basic, uniq_natasha

Skill      XL: |  1 |
---------------+----+-----
Axes           | 2 |  2.3
Fighting       | |  3.2
Armour         | |  2.9
Dodging        | |  0.5
Shields        | |  2.9

Action                   || total
-------------------------++-------
Melee: War axe           ||    71
  Use: Potion            ||     2
Armor: Scale mail        ||    39
Dodge: Dodged            ||    21
Block: Kite shield       ||    35
